 Dungeon Crawl Stone Soup version 0.31-a0-202-g547052bce9 (webtiles) character file.

Game seed: 9079523267706426498

430 qw the Skirmisher (level 6, -3/36 HPs)
             Began as a Deep Elf Hunter on June 26, 2023.
             Killed from afar by an orc wizard (5 damage)
             ... with a puff of flame
             ... on level 5 of the Dungeon.
             The game lasted 00:01:21 (4077 turns).

qw the Skirmisher (Deep Elf Hunter)                 Turns: 4077, Time: 00:01:22

Health: -3/36      AC: 10    Str: 10    XL:     6   Next: 66%
Magic:  8/8        EV: 11    Int: 14    God:
Gold:   172        SH:  0    Dex: 18    Spells: 5/5 levels left

rFire   . . .        Y - +0 shortbow
rCold   . . .        (shield currently unavailable)
rNeg    . . .        i - +2 ring mail
rPois   .            (no helmet)
rElec   .            (no cloak)
rCorr   +            a - +2 pair of gloves
SInv    .            (no boots)
Will    .....        (no amulet)
Stlth   +            e - ring of resist corrosion
HPRegen 0.26/turn    (no ring)
MPRegen 0.11/turn

%: no passive effects
@: no status effects
A: no striking features
a: no special abilities


You were on level 5 of the Dungeon.
You visited 2 branches of the dungeon, and saw 6 of its levels.

You collected 172 gold pieces.


   Skills:
 - Level 2.6 Fighting
 - Level 10.0 Ranged Weapons
 + Level 2.5 Dodging
 - Level 1.2 Stealth


You had 5 spell levels left.
You didn't know any spells.
Your spell library was empty.

Inventory:

Hand Weapons
 Y - a +0 shortbow (weapon)
Armour
 a - a +2 pair of gloves (worn)
 i - a +2 ring mail (worn)
Jewellery
 e - a ring of resist corrosion (left hand)
Scrolls
 f - a scroll of fear {unknown}
 j - a scroll of identify
Potions
 b - a potion of cancellation
 c - a potion of mutation
 d - a potion of invisibility {unknown}
 g - a potion of enlightenment
 h - a potion of haste {unknown}

Dungeon Overview and Level Annotations

Branches:
Dungeon (5/15)             Temple (1/1) D:5

Altars:
Ashenzari
Cheibriados
Dithmenos
Elyvilon
Fedhas
Gozag
Hepliaklqana
Kikubaaqudgha
Makhleb
Nemelex Xobeh
Ru
Trog
Uskayaw
Wu Jian
Xom
Yredelemnul
Zin
The Shining One

Shops:
D:5 =


Message History

Something hits you. The orc misses you.
You shoot an arrow. The arrow barely misses the orc.
Something hits you but does no damage. The orc hits you but does no damage.
You shoot an arrow. The arrow hits the orc.
The orc is moderately wounded.
Something hits you but does no damage. The orc closely misses you.
You shoot an arrow. The arrow hits the orc.
The orc is heavily wounded.
Something hits you but does no damage. The orc hits you with a +0 hand axe.
You shoot an arrow. The arrow hits the orc.
The orc is severely wounded.
Something hits you. The orc hits you but does no damage.
You shoot an arrow. The arrow hits the orc.
You kill the orc!
Something hits you.
You shoot an arrow. Something hits you but does no damage.
You shoot an arrow. Something hits you.
You shoot an arrow. Something hits you but does no damage.
You shoot an arrow. Something hits you but does no damage.
You shoot an arrow. Something hits you.
You shoot an arrow. Something hits you but does no damage.
You shoot an arrow. Something hits you. Something hits you but does no damage.
You shoot an arrow. Something hits you.
You shoot an arrow. Something hits you but does no damage.
You shoot an arrow. Something hits you but does no damage.
You shoot an arrow.
You hear some strange, mumbled words.
A puff of flame appears from out of thin air!
The puff of flame hits you.
You die...

#####......# ##...####
##..#....# ###..#####..
##..### ##.# ###8.##
##... ##....## #....
###.8.>.8# ##....
#@)##...## ##...##
....).){##8.\.8# #..#...
..)..).####...####.###..
....... #8.<.8##..# ##.
......# ##.......## ##
...... ##8###### #
....#. ### ..###.


There were no monsters in sight!

Vanquished Creatures
  A black bear (D:4)
  A phantom (D:5)
  A jelly (D:4)
  Natasha (thrice) (D:3)
  Terence (D:3)
  5 adders
  An ufetubus (D:5)
  2 dart slugs (D:2)
  10 orcs (D:5)
  4 endoplasms
  4 giant cockroaches
  8 goblins
  13 hobgoblins
  4 quokkas
  6 ball pythons
  3 bats
  4 frilled lizards
  4 kobolds
  2 rats
77 creatures vanquished.

Notes
Turn   | Place    | Note
-------+----------+-------------------------------------------
     0 | D:1      | qw the Deep Elf Hunter began the quest for the Orb.
     0 | D:1      | Reached XP level 1. HP: 12/12 MP: 3/3
     0 | D:1      | 0 ||| qw: Version: 0.3-a-22-g0ed2b0b
     0 | D:1      | 0 ||| qw: Game counter: 6208
     0 | D:1      | 0 ||| qw: Melee chars always use a shield: true
     0 | D:1      | 0 ||| qw: God list: Okawaru
     0 | D:1      | 0 ||| qw: Allow faded altars: false
     0 | D:1      | 0 ||| qw: Do Orc after clearing Dungeon:15 true
     0 | D:1      | 0 ||| qw: Do second Lair branch before Depths: true
     0 | D:1      | 0 ||| qw: Lair rune preference: random
     0 | D:1      | 0 ||| qw: Goals: Normal
     0 | D:1      | 0 ||| PLANNING D:1-11
   244 | D:1      | Reached skill level 6 in Ranged Weapons
   244 | D:1      | Reached XP level 2. HP: 16/16 MP: 4/4
   946 | D:1      | 946 ||| UPGRADING to +0 ring mail.
   956 | D:1      | 956 ||| DROPPING +0 leather armour.
   957 | D:1      | 957 ||| UPGRADING to ring of resist corrosion.
   958 | D:1      | 958 ||| READING 2 scrolls labelled RAMUIPT JYWEJ.
   959 | D:1      | 959 ||| READING scroll labelled RONEJO FAQEOSEGH.
   960 | D:1      | 960 ||| READING 2 scrolls labelled HIUGUDEUG YHA.
   961 | D:1      | 961 ||| DROPPING scroll of revelation.
   962 | D:1      | 962 ||| DROPPING scroll of butterflies.
   999 | D:2      | 999 ||| STAIRDANCE
  1052 | D:2      | Reached XP level 3. HP: 20/20 MP: 5/5
  1088 | D:2      | HP: 5/20 [poisoned by an adder]
  1114 | D:2      | 1114 ||| FLEEEEING.
  1156 | D:2      | Reached skill level 7 in Ranged Weapons
  1250 | D:2      | 1250 ||| Stepping ~*~*~tactically~*~*~ (outnumbered).
  1551 | D:2      | 1551 ||| UPGRADING to +0 pair of gloves.
  1556 | D:2      | 1556 ||| READING scroll labelled TETHRAE VENACKU.
  1557 | D:2      | 1557 ||| READING scroll labelled QITHEC HUOWNI.
  1558 | D:2      | 1558 ||| READING scroll labelled KUDGHI ISUOH.
  1573 | D:3      | Noticed Terence
  1582 | D:3      | Killed Terence
  1583 | D:3      | Reached XP level 4. HP: 25/25 MP: 6/6
  1601 | D:3      | Noticed Natasha
  1606 | D:3      | Killed Natasha
  1607 | D:3      | Reached skill level 8 in Ranged Weapons
  1774 | D:3      | Noticed Natasha
  1780 | D:3      | Killed Natasha
  1781 | D:3      | Reached XP level 5. HP: 29/29 MP: 7/7
  1894 | D:3      | 1894 ||| READING scroll of enchant armour.
  1894 | D:3      | 1894 ||| ENCHANTING +0 pair of gloves.
  2272 | D:3      | Noticed Natasha
  2275 | D:3      | Found a faded altar of an unknown god.
  2281 | D:3      | Killed Natasha
  2442 | D:3      | 2442 ||| READING scroll labelled VEUTOR SEUGOIZ.
  2443 | D:3      | 2443 ||| DRINKING 2 golden potions.
  2444 | D:3      | 2444 ||| DRINKING 2 fuming cyan potions.
  2445 | D:3      | 2445 ||| DROPPING potion of attraction.
  2464 | D:4      | 2464 ||| PLANNING SEWER
  2694 | D:4      | Reached skill level 9 in Ranged Weapons
  3027 | D:4      | 3027 ||| READING 3 scrolls of enchant armour.
  3027 | D:4      | 3027 ||| ENCHANTING +1 pair of gloves.
  3028 | D:4      | 3028 ||| READING 2 scrolls of enchant armour.
  3028 | D:4      | 3028 ||| ENCHANTING +0 ring mail.
  3029 | D:4      | 3029 ||| READING scroll of enchant armour.
  3029 | D:4      | 3029 ||| ENCHANTING +1 ring mail.
  3117 | D:4      | 3117 ||| RIP SEWER
  3150 | D:4      | 3150 ||| PLANNING D:1-11
  3332 | D:4      | Found a shadowy altar of Dithmenos.
  3336 | D:4      | Found a hazy altar of Hepliaklqana.
  3339 | D:4      | Found a shimmering altar of Xom.
  3647 | D:4      | 3647 ||| DRINKING 2 sedimented orange potions.
  3648 | D:4      | 3648 ||| READING 3 scrolls of identify.
  3648 | D:4      | 3648 ||| IDENTIFYING puce potion
  3649 | D:4      | 3649 ||| READING 2 scrolls of identify.
  3649 | D:4      | 3649 ||| IDENTIFYING clear potion
  3650 | D:4      | 3650 ||| DROPPING potion of degeneration.
  3681 | D:5      | Entered Level 5 of the Dungeon
  3721 | D:5      | Found a staircase to the Ecumenical Temple.
  3722 | D:5      | 3722 ||| PLANNING TEMPLE
  3730 | Temple   | Entered the Ecumenical Temple
  3838 | Temple   | 3838 ||| PLANNING D:1-11
  3879 | D:5      | Found Uddekiy's Jewellery Shop.
  3880 | D:5      | Noticed a phantom
  3895 | D:5      | Noticed a black bear
  3896 | D:5      | Killed a phantom
  3897 | D:5      | Reached XP level 6. HP: 26/36 MP: 8/8
  3897 | D:5      | 3897 ||| FLEEEEING.
  3898 | D:5      | 3898 ||| FLEEEEING.
  3899 | D:5      | 3899 ||| FLEEEEING.
  3900 | D:5      | 3900 ||| FLEEEEING.
  3901 | D:5      | 3901 ||| FLEEEEING.
  3903 | D:5      | 3903 ||| FLEEEEING.
  3904 | D:5      | 3904 ||| STAIRDANCE
  3940 | D:5      | 3940 ||| STAIRDANCE
  3968 | D:5      | 3968 ||| SHOPLISTING +4 ring of protection (540 gold, have
                  | 172).
  3968 | D:5      | 3968 ||| SHOPLISTING +6 ring of strength (540 gold, have
                  | 172).
  3968 | D:5      | 3968 ||| SHOPLISTING amulet of the acrobat (450 gold, have
                  | 172).
  3968 | D:5      | 3968 ||| SHOPLISTING ring "Goutiq" {rCorr AC+4} (729 gold,
                  | have 172).
  3968 | D:5      | 3968 ||| SHOPLISTING ring of poison resistance (300 gold,
                  | have 172).
  4051 | D:5      | Reached skill level 10 in Ranged Weapons
  4066 | D:5      | HP: 6/36 [something (4)]
  4071 | D:5      | HP: 4/36 [something (2)]
  4074 | D:5      | HP: 1/36 [something (1)]
  4077 | D:5      | Killed from afar by an orc wizard

Levels and vault maps discovered:
D:1:      matt_arrival_diagonals, layout_basic
D:2:      layout_rooms
D:3:      layout_loops_cross, dilly_ecumenical_altar_fadedgnrine, uniq_terence,
          uniq_natasha
D:4:      layout_layer_cave, minmay_overflow_temple_star_quad,
          portal_sewer_entry_d
D:5:      layout_cave_pods, minmay_temple_entry_tees, serial_shops,
          nicolae_stop_n_shop_2, uniq_prince_ribbit1
Temple:   regret_index_temple_waves

Skill      XL: |  1  2  3  4  5  6 |
---------------+-------------------+-----
Ranged Weapons | 6 7 8 9 10 | 10.0
Fighting       | 2 |  2.6
Dodging        | |  2.5
Stealth        | |  1.2

Action                     |  1- 3 |  4- 6 || total
---------------------------+-------+-------++-------
   Fire: Shortbow          |   123 |   152 ||   275
    Use: Scroll            |     6 |     7 ||    13
         Potion            |       |     3 ||     3
 Armour: Leather armour    |     4 |       ||     4
         Ring mail         |    13 |    53 ||    66
  Dodge: Dodged            |    22 |    42 ||    64

Table legend:
 A = Non-vault XP
 B = Vault XP
 C = Vault XP percentage of total XP
 D = Non-vault monster count
 E = Vault monster count
 F = Vault count percentage of total count
                 A         B        C        D         E       F
            +---------+---------+-------+---------+---------+-------
      Total |     530 |      85 |  13.8 |      74 |       3 |   3.9
            +---------+---------+-------+---------+---------+-------
        D:1 |      35 |       0 |   0.0 |      22 |       0 |   0.0
        D:2 |      54 |       0 |   0.0 |      21 |       0 |   0.0
        D:3 |      77 |      72 |  48.3 |       7 |       2 |  22.2
        D:4 |     212 |      13 |   5.8 |      11 |       1 |   8.3
        D:5 |     152 |       0 |   0.0 |      13 |       0 |   0.0
            +---------+---------+-------+---------+---------+-------
